 Dungeon Crawl Stone Soup version 0.31-a0-1540-g5a0b83f448 (webtiles) character file.

Game seed: 17522463171395481425

84 MisterAzrael the Changeling (level 4, -4/29 HPs)
             Began as an Octopode Shapeshifter on Jan 2, 2024.
             Splashed by a jelly's acid (5 damage)
             ... on level 4 of the Dungeon.
             The game lasted 00:02:10 (1460 turns).

MisterAzrael the Changeling (Octopode Shapeshifter) Turns: 1460, Time: 00:02:11

Health: -4/29      AC: -11   Str: 15    XL:     4   Next: 46%
Magic:  4/4        EV: 13    Int: 12    God:
Gold:   102        SH:  0    Dex: 11    Spells: 3/3 levels left

rFire   . .          .
                       - Unarmed
rCold   + . .        (no shield)
rNeg    . . .        (helmet currently unavailable)
rPois   .            (no amulet)
rElec   .            d - ring of protection from cold
rCorr   .            (no ring)
SInv    .            (no ring)
Will    .....        (no ring)
Stlth   ++           (no ring)
HPRegen 0.24/turn    (no ring)
MPRegen 0.09/turn    (no ring)
                     (no ring)

%: no passive effects
@: beast-form, corroded
A: beast (slay +2), almost no armour, amphibious, 8 rings, camouflage 1,
gelatinous body 1, (nimble swimmer 1), tentacles
a: Begin Untransformation


You were on level 4 of the Dungeon.
You were a hulking beast.
You visited 1 branch of the dungeon, and saw 3 of its levels.

You collected 102 gold pieces.

Inventory:

Jewellery
 d - a ring of protection from cold (left tentacle)
Talismans
 b - a beast talisman
 c - a flux talisman
 l - a maw talisman
Scrolls
 i - a scroll of immolation {unknown}
 k - a scroll of teleportation {unknown}
 m - a scroll of identify {unknown}
Potions
 a - a potion of lignification
 e - 3 potions of attraction {unknown}
 f - a potion of mutation {unknown}
 g - a potion of heal wounds {unknown}
 h - a potion of might {unknown}
 j - a potion of magic {unknown}


   Skills:
 + Level 1.7 Fighting
 * Level 3.0 Dodging
 + Level 3.4 Unarmed Combat
 * Level 3.7 Shapeshifting


You had 3 spell levels left.
You didn't know any spells.
Your spell library was empty.

Dungeon Overview and Level Annotations

Branches:
Dungeon (2/15)

Altars:
Fedhas
Hepliaklqana
Sif Muna
Xom


Innate Abilities, Weirdness & Mutations

You are a hulking beast.
Your limbs bulge with bestial killing power. (Slay +2)
You cannot wear most types of armour.
You are amphibious.
You can wear up to eight rings at the same time.
Your skin changes colour to match your surroundings (Stealth+).
Your rubbery body absorbs attacks. (AC +1, EV +1)
((You are camouflaged when in or above water. (Stealth+)))
You have tentacles for arms and can constrict up to eight enemies at once.


Message History

The endoplasm quivers.
The endoplasm freezes you.
You are frozen.
You resist.
You tentacle-slap the endoplasm.
The endoplasm is heavily wounded.
The endoplasm quivers.
The endoplasm hits you. The endoplasm freezes you.
You are frozen.
You resist. The endoplasm freezes you.
You are frozen.
You resist.
There is an open door here.
Something hits the toadstool.
The toadstool is splashed with acid.
The acid corrodes the toadstool!
The toadstool is destroyed!
The endoplasm attacks as it pursues you!
The endoplasm closely misses you.
You tentacle-slap the endoplasm. You squeeze the endoplasm.
You kill the endoplasm!
The jelly attacks as it pursues you! The jelly hits you but does no damage.
Things that are here:
a +0 short sword; 4 stones; a kobold corpse You tentacle-slap the jelly.
Your tentacles burn!
The jelly is moderately wounded.
The jelly closely misses you.
You tentacle-slap the jelly. The acid corrodes you!
Your tentacles burn!
You squeeze the jelly.
The jelly is severely wounded.
The jelly jiggles.
The jelly hits you. The acid corrodes you!
You are splashed with acid!
You tentacle-slap the jelly.
Your tentacles burn!
* * * LOW HITPOINT WARNING * * *
Your squeeze misses the jelly.
The jelly is severely wounded.
The jelly hits you.
* * * LOW HITPOINT WARNING * * *
You are splashed with acid.
* * * LOW HITPOINT WARNING * * *
You tentacle-slap the jelly. The acid corrodes you!
Your tentacles burn!
You die...

##.....###..#.....#
#....)..##<...##..#
#.......##........#
#.......##.#####.####
#.......##.....#.....
####....#####.##..###
##..'....# #.##..#..
#.######## #.....#.#
##...hJJ## #####.#.#
########J## ###...#.#
#÷÷._JJJ..# #.......#
#....._...# #........
#..._J÷.P.# #.......#
#..JPJ_.P.# #..[....#
#...÷÷..÷.# #.......#
#/÷÷_._÷..# #.......#
########### #........


You could see 2 jellies and an endoplasm.

Vanquished Creatures
  An iguana (D:4)
  An adder (D:4)
  2 dart slugs (D:1)
  5 ball pythons (D:1)
  A bat (D:1)
  5 endoplasms
  2 giant cockroaches (D:1)
  4 hobgoblins
  2 jackals (D:1)
  2 quokkas (D:1)
  A goblin (D:1)
  12 kobolds
  4 rats
42 creatures vanquished.

Notes
Turn   | Place    | Note
-------+----------+-------------------------------------------
     0 | D:1      | MisterAzrael the Octopode Shapeshifter began the quest for
                  | the Orb.
     0 | D:1      | Reached XP level 1. HP: 13/13 MP: 1/1
   191 | D:1      | Reached XP level 2. HP: 16/18 MP: 2/2
   493 | D:1      | Reached XP level 3. HP: 23/23 MP: 3/3
  1031 | D:2      | You fall into a shaft and drop 2 floors!
  1054 | D:4      | Reached XP level 4. HP: 13/28 MP: 4/4
  1445 | D:4      | Found a shimmering altar of Xom.
  1445 | D:4      | Found a hazy altar of Hepliaklqana.
  1445 | D:4      | Found a blossoming altar of Fedhas.
  1445 | D:4      | Found a blossoming altar of Fedhas.
  1445 | D:4      | Found a shimmering altar of Xom.
  1445 | D:4      | Found a shimmering blue altar of Sif Muna.
  1459 | D:4      | HP: 1/29 [acid (6)]
  1460 | D:4      | Splashed by a jelly's acid

Illustrated notes

Levels and vault maps discovered:
D:1:      wheals_arrival_linesprint, layout_loops_ring, dreamdust_wishing_well
D:2:      layout_basic, serial_shops, shop
D:4:      cheibrodos_fertilizer, layout_basic, nicolae_elyvilon_peaceful_grove,
          minmay_lizard_king

Skill      XL: |  1  2  3  4 |
---------------+-------------+-----
Dodging        | 3 |  3.0
Fighting       | |  1.7
Unarmed Combat | |  3.4
Shapeshifting  | |  3.7

Action                     |  1- 3 |  4- 6 || total
---------------------------+-------+-------++-------
  Melee: Unarmed           |    55 |    22 ||    77
         Constrict         |    16 |     3 ||    19
         Punch             |     2 |       ||     2
         Tentacles         |     7 |     5 ||    12
   Stab: Sleeping          |     2 |     2 ||     4
 Armour: Skin              |    17 |    10 ||    27
  Dodge: Dodged            |    27 |    10 ||    37

Table legend: (Time is in decaauts)
 A = Elapsed time spent in this place.
 B = Non-inter-level travel time spent in this place.
 C = Inter-level travel time spent in this place.
 D = Time resting spent in this place.
 E = Time spent auto-exploring this place.
 F = Levels seen in this place.
 G = Mean time per level.
                   A        B        C        D        E       F      G
               +--------+--------+--------+--------+--------+-----+--------+
         Total |   1454 |   1358 |     96 |     60 |   1043 |   3 |  484.7 |
       Dungeon |   1454 |   1358 |     96 |     60 |   1043 |   3 |  484.7 |
               +--------+--------+--------+--------+--------+-----+--------+

Top non-repeatable levels by time:
     D:1: 904 daAuts
     D:4: 426 daAuts
     D:2: 123 daAuts
